 Dungeon Crawl Stone Soup version 0.18.1-8-gdd0e5ea (webtiles) character file.

1815 zeroDi the Covert (level 9, -1/42 HPs)
             Began as a Vine Stalker Assassin on May 21, 2016.
             Was an Initiate of Okawaru.
             Slain by a wight
             ... wielding a cursed +2 dire flail
              (5 damage)
             ... on level 8 of the Dungeon.
             The game lasted 00:14:24 (5083 turns).

zeroDi the Covert (Vine Stalker Assassin)           Turns: 5083, Time: 00:14:25

Health: -1/42      AC:  7    Str: 14    XL:     9   Next: 10%
Magic:  0/19       EV:  8    Int: 11    God:    Okawaru [......]
Gold:   363        SH:  0    Dex: 19    Spells: 0 memorised, 8 levels left

rFire  . . .     SeeInvis .     a - +8 flail "Puis" {drain, rElec}
rCold  . . .     Gourm    .     G - +1 robe
rNeg   . . .     Faith    .     (no shield)
rPois  .         Spirit   +     K - +0 helmet
rElec  +         Dismiss  .     d - +0 cloak
rCorr  .         Reflect  .     y - +0 pair of gloves
SustAt .         Harm     .     q - +0 pair of boots
MR     ++...                    u - amulet of regeneration
Stlth  ++++......               A - ring of magical power
                                x - ring of protection from magic

@: heavily drained, very resistant to hostile enchantments, stealthy
A: fangs 3, regeneration 2, magic shield, antimagic bite, no device heal 3, rot
immunity
a: Renounce Religion


You were on level 8 of the Dungeon.
You worshipped Okawaru.
Okawaru was noncommittal.
You were not hungry.

You visited 2 branches of the dungeon, and saw 9 of its levels.

You collected 363 gold pieces.


Innate Abilities, Weirdness & Mutations

You have razor-sharp teeth.
You heal very quickly.
When hurt, damage is shared between your health and your magic reserves.
Your bite disrupts and absorbs the magic of your enemies.
Potions and wands cannot restore your health.
You are immune to rotting.


   Skills:
 - Level 1.8(0.2) Fighting
 + Level 6.8(4.9) Short Blades
 - Level 2.0(0.3) Throwing
 * Level 4.4(2.6) Dodging
 - Level 10.3(8.2) Stealth


You had 8 spell levels left.
You didn't know any spells.

Inventory:

Hand Weapons
 a - the +8 flail "Puis" (weapon) {drain, rElec}
   (You found it on level 4 of the Dungeon)

   A truly terrible weapon, it drains the life of those it strikes.
   It insulates you from electricity.
 b - a +1 blowgun
 B - a +2 dagger
 M - the +4 hand axe of Befraupp {flame, rF+++ rC- rN++}
   (You found it on level 6 of the Dungeon)

   It has been specially enchanted to burn those struck by it, causing extra
   injury to most foes and up to half again as much damage against particularly
   susceptible opponents.
   Big, fiery blades are also staple armaments of hydra-hunters.
   It renders you almost immune to fire.
   It makes you vulnerable to cold.
   It greatly protects you from negative energy.
Missiles
 e - 35 poisoned needles
 f - 2 curare-tipped needles {=f}
 E - 6 javelins (quivered)
Armour
 c - a +0 robe
 d - a +0 cloak (worn)
 q - a +0 pair of boots (worn)
 y - a +0 pair of gloves (worn)
 G - a +1 robe (worn)
 K - a +0 helmet (worn)
Jewellery
 u - an amulet of regeneration (around neck)
 w - an uncursed ring of magical power
 x - a ring of protection from magic (left hand)
 A - a ring of magical power (right hand)
 C - an uncursed amulet of guardian spirit
 J - an uncursed amulet of harm {unknown}
Wands
 n - a wand of flame (7/48)
Scrolls
 h - 3 scrolls of remove curse
 i - 7 scrolls of identify {@r1}
 j - 2 scrolls of amnesia
 l - 2 scrolls of enchant weapon
 v - 3 scrolls of teleportation {@r4}
Potions
 m - 2 potions of haste {unknown}
 p - a potion of lignification {!q}
 r - 2 potions of degeneration {!q}
 t - 3 potions of ambrosia {unknown}
 z - 2 potions of curing {@q1}
 H - a potion of cancellation {unknown}
 I - a potion of invisibility {unknown}
 L - a potion of cure mutation {unknown}
Books
 k - a book of the Tempests

   Spells                             Type                      Level
   a - Static Discharge               Conjuration/Air              3
   b - Lightning Bolt                 Conjuration/Air              5
   c - Fireball                       Conjuration/Fire             5
   d - Tornado                        Air                          9
   e - Shatter                        Earth                        9
 D - an Akashic Record

   Spells                             Type                      Level
   a - Dispersal                      Translocation                6
   b - Malign Gateway                 Summoning/Translocation      7
   c - Disjunction                    Translocation                8
   d - Controlled Blink               Translocation                8
Comestibles
 g - 2 bread rations
 o - 2 beef jerkies
 s - 3 meat rations
 F - 3 fruits

Dungeon Overview and Level Annotations

Branches:
Dungeon (8/15)             Temple (1/1) D:6
   Lair: D:8-11

Altars:
Ashenzari
Cheibriados
Dithmenos
Elyvilon
Fedhas
Gozag
Kikubaaqudgha
Okawaru
Pakellas
Qazlal
Ru
Sif Muna
Trog
Vehumet
Xom
Yredelemnul
Zin
The Shining One

Shops:
D:4 }   D:6 }

Annotations:
D:3 Statics's ghost, amateur DsFi

# #. #=. #...
#....
#.....######.#
#.[...z@zW...#
#....#########
... #


You could see a phantom and 2 wights.


Message History

The wight completely misses you. The wight closely misses you.
You sock the wight!
You destroy the wight!
Okawaru accepts your kill.
The wight hits you with an enchanted dire flail!
You feel drained.
You barely miss the wight.
The wight hits you with an enchanted dire flail.
You feel drained. The wight hits you with a great sword!
* * * LOW HITPOINT WARNING * * *
The wight hits you with an enchanted dire flail!
* * * LOW HITPOINT WARNING * * *
You feel drained.
* * * LOW HITPOINT WARNING * * *
The wight hits you with a great sword.
* * * LOW HITPOINT WARNING * * *
You feel drained.
* * * LOW HITPOINT WARNING * * *
The wight hits you with an enchanted dire flail!
You die...

Action                   |  1- 3 |  4- 6 |  7- 9 || total
-------------------------+-------+-------+-------++-------
Melee: Dagger            |    81 |    63 |       ||   144
       Bite              |    19 |    26 |    22 ||    67
       Flail             |       |    35 |    72 ||   107
 Fire: Blowgun           |       |     5 |    10 ||    15
Throw: Javelin           |       |     5 |       ||     5
  Use: Scroll            |       |     8 |    10 ||    18
 Stab: Sleeping          |     6 |    13 |    10 ||    29
       Distracted        |       |       |     1 ||     1
  Eat: Chunk             |       |     6 |     5 ||    11
       Meat ration       |       |       |     1 ||     1
Armor: Robe              |    11 |    19 |    27 ||    57
Dodge: Dodged            |    37 |    49 |    42 ||   128

Vault maps used:
D:1:      matt_arrival_grand_opening
D:2:      first_bread, lemuel_tele_altar
D:3:      old_standard_altar, nicolae_gozag_cash_rules_everything_around_me,
          ecumenical_altar_1
D:4:      serial_shops, shop_statue
D:5:      minmay_fire_ice_demons
D:6:      gammafunk_temple_overflow_pools, lemuel_temple_firewalk, serial_shops,
          shop, small_statue_intersection
D:8:      nemelex_altar_shiori, lair_0_dummy
Temple:   water_room_temple_a_12

Notes
Turn   | Place    | Note
--------------------------------------------------------------
     0 | D:1      | zeroDi the Vine Stalker Assassin began the quest for the Orb.
     0 | D:1      | Reached XP level 1. HP: 11/11 MP: 2/2
    31 | D:1      | Reached skill level 5 in Stealth
    41 | D:1      | Reached skill level 2 in Short Blades
    41 | D:1      | Reached skill level 2 in Throwing
    41 | D:1      | Reached XP level 2. HP: 8/15 MP: 3/3
   392 | D:1      | Reached XP level 3. HP: 16/18 MP: 4/4
   713 | D:2      | Reached skill level 3 in Short Blades
  1008 | D:2      | Reached XP level 4. HP: 23/23 MP: 5/5
  1224 | D:2      | Found a deep blue altar of Sif Muna.
  1598 | D:3      | Found an opulent altar of Gozag.
  1665 | D:3      | Reached skill level 4 in Short Blades
  1700 | D:3      | Found a basalt altar of Yredelemnul.
  1781 | D:3      | Reached XP level 5. HP: 12/26 MP: 6/6
  2093 | D:3      | Found a faded altar to an unknown god.
  2330 | D:3      | Noticed Statics's ghost (amateur DsFi)
  2396 | D:4      | Got a fine flail
  2398 | D:4      | Identified the +8 flail "Puis" {drain, rElec} (You found it on level 4 of the Dungeon)
  2455 | D:4      | Found Ingiengi's Gadget Shoppe.
  2526 | D:4      | Reached skill level 5 in Short Blades
  2591 | D:4      | Noticed an ogre
  2606 | D:4      | Killed an ogre
  2606 | D:4      | Gained mutation: You heal very quickly. [Vine Stalker growth]
  2606 | D:4      | Reached XP level 6. HP: 30/30 MP: 7/7
  2767 | D:4      | HP: 1/30 [gnoll/flail (6)]
  2962 | D:4      | Reached skill level 6 in Stealth
  2989 | D:5      | Entered Level 5 of the Dungeon
  3058 | D:5      | Reached XP level 7. HP: 34/34 MP: 8/8
  3062 | D:5      | Reached skill level 7 in Stealth
  3173 | D:5      | Noticed a two-headed ogre
  3304 | D:5      | Killed a two-headed ogre
  3304 | D:5      | Reached skill level 9 in Stealth
  3429 | D:5      | Gained mutation: You have razor-sharp teeth. [Vine Stalker growth]
  3429 | D:5      | Reached XP level 8. HP: 18/39 MP: 3/9
  3740 | D:6      | Reached skill level 10 in Stealth
  3809 | D:6      | Reached skill level 1 in Dodging
  3826 | D:6      | Found Myggail's Gadget Shoppe.
  3915 | D:6      | HP: 3/39 [centaur (3)]
  3916 | D:6      | HP: 1/39 [centaur (1)]
  3917 | D:6      | Reached skill level 6 in Short Blades
  3917 | D:6      | Reached skill level 2 in Dodging
  4335 | D:6      | Reached skill level 3 in Dodging
  4502 | D:6      | Got a polished hand axe
  4503 | D:6      | Identified the +4 hand axe of Befraupp {flame, rF+++ rC- rN++} (You found it on level 6 of the Dungeon)
  4518 | D:6      | Found a glowing silver altar of Zin.
  4519 | D:6      | Found a stormy altar of Qazlal.
  4528 | D:6      | Found a staircase to the Ecumenical Temple.
  4535 | Temple   | Entered the Ecumenical Temple
  4625 | Temple   | Became a worshipper of Warmaster Okawaru
  4884 | D:7      | Reached skill level 4 in Dodging
  4884 | D:7      | Reached XP level 9. HP: 28/42 MP: 10/10
  5083 | D:8      | HP: 4/42 [wight/great sword (2)]
  5083 | D:8      | Slain by a wight

Vanquished Creatures
  A two-headed ogre (D:5)
  A steam dragon (D:7)
  2 ice beasts (D:6)
  A black bear (D:6)
  2 ogres
  A phantom (D:6)
  3 centaurs
  2 giant frogs (D:6)
  A scorpion (D:4)
  A wight (D:8)
  2 crimson imps (D:5)
  A jelly (D:5)
  An orc priest (D:5)
  2 iguanas (D:4)
  A centaur skeleton (D:6)
  A giant frog skeleton (D:4)
  2 worker ants (D:5)
  8 adders
  7 gnolls
  A white imp (D:5)
  An ooze (D:5)
  2 worms (D:2)
  3 dart slugs (D:1)
  6 giant geckos
  7 orcs
  4 bats
  3 giant cockroaches
  4 goblins
  5 hobgoblins
  4 jackals (D:2)
  3 quokkas
  5 ball pythons
  6 kobolds
  5 rats
99 creatures vanquished.
